AoeStats
← 954496522

Oasis

507954649Analyzed
4v4 RM · 12d ago on Sep 20, 2026· 76m 45s· 8 players
Game mode
Random Map
Map size
Large (8 player)
Population
200
Speed
Normal
Resources
Standard
Victory
Conquest
Starting age
Dark Age
Ending age
Imperial Age
RankedLock teamsTeams togetherTeam positionsShared explorationLock speedFull tech treeHidden civsTurbo modeCheats
Victory
Defeat
🇮🇹 Cumans · Italy
1006
+16
🇨🇳 Poles · China
998
+16
🇮🇹 Britons · Italy
993
+16
🇬🇧 Japanese · United Kingdom
926
+18
🇨🇿 Magyars · Czechia
1017
-18
🇳🇱 Italians · Netherlands
987
-16
🇷🇴 Huns · Romania
985
-16
🇳🇱 Cumans · Netherlands
984
-16
basvanhaalen
0:49 Loom
3:39 Loom
5:12 Loom
11:23 Feudal Age
15:37 Horse Collar
16:19 Double-Bit Axe
21:00 Castle Age
20:57 Stone Mining
23:06 Wheelbarrow
23:22 Fletching
25:17 Heavy Plow
26:41 Hand Cart
27:08 Bow Saw
26:50 Crossbowman
27:32 Gold Mining
28:23 Bodkin Arrow
28:28 Padded Archer Armor
28:41 Forging
28:38 Scale Barding Armor
29:39 Thumb Ring
32:05 Ballistics
33:31 Bloodlines
36:21 Gold Shaft Mining
35:19 Light Cavalry
40:45 Imperial Age
39:53 Steppe Husbandry
41:21 Hussar
46:49 Chain Barding Armor
49:50 Iron Casting
HardstyleHunter
11:29 Feudal Age
12:32 Double-Bit Axe
12:50 Horse Collar
15:15 Castle Age
16:29 Bow Saw
19:26 Wheelbarrow
19:02 Loom
22:51 Fletching
23:03 Padded Archer Armor
24:05 Heavy Plow
31:34 Imperial Age
29:19 Hand Cart
29:32 Ballistics
30:15 Thumb Ring
31:18 Bodkin Arrow
31:38 Leather Archer Armor
33:04 Conscription
33:22 Bracer
34:44 Murder Holes
35:20 Ring Archer Armor
37:00 Chemistry
39:04 Bloodlines
38:55 Husbandry
40:24 Silk Road
40:41 Elite Genoese Crossbowman
41:41 Scale Barding Armor
42:13 Light Cavalry
45:33 Caravan
49:34 Two-Man Saw
48:52 Hussar
51:28 Chain Barding Armor
56:16 Forging
56:42 Plate Barding Armor
Lopez
2:36 Loom
10:40 Feudal Age
11:08 Double-Bit Axe
11:06 Horse Collar
15:14 Wheelbarrow
19:38 Castle Age
20:35 Bow Saw
20:28 Heavy Plow
21:13 Hand Cart
21:27 Hand Cart
26:51 Town Watch
34:29 Imperial Age
32:25 Ballistics
32:00 Fletching
32:11 Padded Archer Armor
32:17 Scale Barding Armor
32:33 Bloodlines
32:24 Husbandry
32:44 Gold Mining
32:49 Stone Mining
33:38 Bodkin Arrow
34:00 Leather Archer Armor
33:45 Scale Mail Armor
33:12 Light Cavalry
35:00 Corvinian Army
36:14 Two-Man Saw
35:48 Crop Rotation
35:43 Conscription
36:30 Chemistry
36:43 Parthian Tactics
36:22 Bracer
36:54 Ring Archer Armor
37:03 Heavy Cavalry Archer
37:53 Recurve Bow
38:29 Hussar
38:47 Capped Ram
40:13 Chain Barding Armor
40:09 Chain Mail Armor
42:59 Elite Magyar Huszar
47:37 Thumb Ring
46:56 Elite Skirmisher
47:52 Masonry
51:29 Plate Barding Armor
55:35 Murder Holes
56:22 Hoardings
70:38 Town Patrol
Cupra20vT
6:39 Loom
14:12 Feudal Age
15:12 Double-Bit Axe
15:08 Horse Collar
16:44 Town Watch
17:10 Gold Mining
17:11 Stone Mining
23:49 Bloodlines
23:50 Forging
23:46 Scale Barding Armor
24:32 Wheelbarrow
Angrboda1651
10:00 Feudal Age
8:19 Loom
10:30 Double-Bit Axe
10:33 Horse Collar
18:45 Man-at-Arms
21:50 Castle Age
20:34 Wheelbarrow
20:58 Gold Mining
22:15 Bloodlines
22:12 Scale Barding Armor
22:17 Forging
26:32 Chain Barding Armor
28:16 Iron Casting
34:36 Imperial Age
32:53 Gold Shaft Mining
32:35 Bow Saw
35:27 Hand Cart
34:43 Capped Ram
34:55 Cavalier
36:16 Plate Barding Armor
37:15 Blast Furnace
38:41 Padded Archer Armor
38:31 Fletching
39:46 Chemistry
39:48 Bodkin Arrow
40:09 Leather Archer Armor
39:36 Elite Skirmisher
42:13 Ring Archer Armor
42:29 Thumb Ring
42:52 Ballistics
48:58 Caravan
52:17 Light Cavalry
54:17 Masonry
55:19 Pikeman
55:59 Squires
55:45 Arson
56:02 Scale Mail Armor
57:57 Chain Mail Armor
57:47 Halberdier
64:06 Plate Mail Armor
67:09 Paladin
69:29 Siege Ram
74:54 Murder Holes
74:50 Heated Shot
75:11 Clinker Construction
74:47 Town Watch
Ottone il Grande
7:39 Loom
10:43 Feudal Age
14:41 Fletching
14:52 Padded Archer Armor
15:32 Double-Bit Axe
15:34 Horse Collar
28:11 Castle Age
28:42 Crossbowman
29:21 Bodkin Arrow
29:42 Leather Archer Armor
30:53 Ballistics
36:10 Yeomen
40:35 Imperial Age
40:29 Fortified Wall
40:43 Arbalester
44:29 Chemistry
45:01 Bracer
52:06 Elite Skirmisher
53:20 Forging
954496522
11:51 Feudal Age
13:20 Double-Bit Axe
13:17 Horse Collar
17:06 Castle Age
19:53 Bow Saw
20:29 Heavy Plow
21:37 Stone Mining
22:54 Wheelbarrow
22:09 Loom
22:42 Gold Mining
24:14 Stone Shaft Mining
25:25 Hand Cart
27:58 Szlachta Privileges
30:44 Imperial Age
28:54 Scale Barding Armor
29:00 Forging
30:14 Husbandry
30:25 Bloodlines
32:48 Conscription
31:54 Cavalier
33:25 Chain Barding Armor
33:40 Iron Casting
33:25 Treadmill Crane
34:50 Devotion
35:12 Caravan
35:28 Siege Engineers
36:26 Chemistry
35:52 Capped Ram
38:25 Blast Furnace
37:08 Siege Ram
38:31 Hoardings
48:41 Masonry
57:42 Onager
59:53 Murder Holes
60:19 Ballistics
60:10 Fortified Wall
Paul Chuckle
0:28 Loom
11:06 Feudal Age
11:58 Horse Collar
12:09 Double-Bit Axe
20:38 Wheelbarrow
22:18 Castle Age
20:14 Stone Mining
20:47 Gold Mining
21:19 Fletching
21:48 Forging
22:40 Wheelbarrow
22:06 Town Watch
23:32 Bow Saw
24:04 Heavy Plow
33:09 Imperial Age
31:48 Gold Shaft Mining
32:13 Murder Holes
32:05 Treadmill Crane
32:21 Murder Holes
34:59 Two-Man Saw
34:34 Fortified Wall
34:36 Masonry
34:06 Pikeman
34:47 Squires
35:11 Conscription
34:20 Capped Ram
36:05 Hand Cart
35:35 Halberdier
37:50 Caravan
37:46 Bodkin Arrow
39:16 Iron Casting
38:41 Bracer
41:00 Ballistics
40:30 Guard Tower
40:47 Siege Engineers
41:04 Ballistics
40:35 Guard Tower
40:31 Arrowslits
40:54 Scale Mail Armor
41:54 Blast Furnace
41:19 Kataparuto
40:59 Yasama
41:08 Elite Skirmisher
42:28 Elite Samurai
45:39 Chain Mail Armor
45:24 Padded Archer Armor
50:14 Parthian Tactics
51:45 Hoardings
52:50 Plate Mail Armor
52:35 Leather Archer Armor
52:28 Scale Barding Armor
52:12 Arson
53:28 Heavy Cavalry Archer
55:21 Keep
63:30 Onager
Connection lost

Rejoining the realm…

Still unreachable

The connection could not be restored.

Session expired

The server has moved on; the page needs a fresh start.